 Dungeon Crawl Stone Soup version 0.24-a0-447-ge8da9206dc (webtiles) character file.

Game seed: 8965912045300687152

88 gruber the Insei (level 4, -6/36 HPs)
             Began as a Demigod Transmuter on June 25, 2019.
             Mangled by Crazy Yiuf
             ... wielding a +4 quarterstaff of chaos
              (9 damage)
             ... on level 2 of the Dungeon.
             The game lasted 00:06:15 (3542 turns).

gruber the Insei (Demigod Transmuter)               Turns: 3542, Time: 00:06:17

Health: -6/36      AC:  2    Str: 13    XL:     4   Next: 9%
Magic:  6/9        EV: 19    Int: 19    God:
Gold:   146        SH:  0    Dex: 21    Spells: 0/6 levels left

rFire    . . .     SeeInvis .     - Unarmed
rCold    . . .     Gourm    .   (shield currently unavailable)
rNeg     . . .     Faith    .   (armour currently unavailable)
rPois    x         Spirit   .   (helmet currently unavailable)
rElec    .         Reflect  .   (cloak currently unavailable)
rCorr    .         Harm     .   (gloves currently unavailable)
MR       .....                  (boots currently unavailable)
Stlth    ++........             (no amulet)
HPRegen  0.12/turn              (no ring)
MPRegen  0.11/turn              (no ring)

@: lethally poisoned (-6 -> -32), spider-form (expiring)
A: tiny, high mp 1
a: End Transformation


You were on level 2 of the Dungeon.
You were near starving.
You were a venomous arachnid creature.
You visited 1 branch of the dungeon, and saw 4 of its levels.

You collected 146 gold pieces.

Inventory:

Missiles
 a - 56 arrows
 k - 8 curare-tipped darts (quivered)
Armour
 b - a +0 robe (melded)
 n - a scarf of repulsion (melded)
 p - a +0 hat (melded)
Scrolls
 e - 3 scrolls of enchant weapon {unknown}
 f - 3 scrolls of teleportation {unknown}
 m - a scroll of random uselessness {unknown}
 o - a scroll of remove curse {unknown}
 s - 4 scrolls of identify {unknown}
Potions
 c - a potion of invisibility {unknown}
 g - 2 potions of curing {unknown}
 h - 2 potions of magic {unknown}
 i - a potion of agility
 j - 3 potions of cancellation {unknown}
 l - a potion of mutation {unknown}
 r - a potion of haste {unknown}
 t - a potion of heal wounds {unknown}
Comestibles
 d - 3 rations


   Skills:
 - Level 2.0 Fighting
 - Level 1.7 Dodging
 - Level 4.0 Unarmed Combat
 - Level 1.7 Spellcasting
 * Level 2.3 Transmutations


You couldn't memorise any spells.
You knew the following spells:

 Your Spells              Type           Power        Failure   Level  Hunger
a - Beastly Appendage     Tmut           ##....       19%         1    #......
b - Sticks to Snakes      Tmut           ##......     24%         2    ###....
c - Spider Form           Tmut/Pois      #.........   54%         3    ###....

Your spell library contained the following spells:

 Spells                   Type           Power        Failure   Level  Hunger
 Magic Dart               Conj           #...         36%         1    #......
 Blink                    Tloc           N/A          47%         2    ###....
 Call Imp                 Summ           #.......     47%         2    ###....
 Slow                     Hex            #.......     47%         2    ###....
 Conjure Flame            Conj/Fire      #.......     67%         3    ###....
 Mephitic Cloud           Conj/Pois/Air  #.......     67%         3    ###....
 Ice Form                 Ice/Tmut       #.......     87%         4    #####..
 Blade Hands              Tmut           ##........   96%         5    ######.


Dungeon Overview and Level Annotations

Branches:
Dungeon (4/15)
 Temple: D:4-7

Annotations:
D:2 Crazy Yiuf


Innate Abilities, Weirdness & Mutations

You have an increased reservoir of magic. (+10% MP)


Message History

Crazy Yiuf burns you.
You hit Crazy Yiuf.
Crazy Yiuf is lightly wounded.
Crazy Yiuf hits you with a +4 quarterstaff of chaos!
You are lethally poisoned!
Unknown command.
You hit Crazy Yiuf.
Crazy Yiuf is poisoned.
Crazy Yiuf is lightly wounded.
You feel very sick.
You hit Crazy Yiuf.
Crazy Yiuf is heavily wounded.
You feel sick. Crazy Yiuf barely misses you.
You hit Crazy Yiuf but do no damage.
Crazy Yiuf looks as sick as possible!
Crazy Yiuf is severely wounded.
Your transformation is almost over.
You feel sick.
Crazy Yiuf hits you with a +4 quarterstaff of chaos!
* * * LOW HITPOINT WARNING * * *
You are electrocuted!
You die...

.# #.# #.......##
.########.## ##....###
.#)........# ##.#.#
######## .#.#########
##### #......# .#.#
######.# .#.# #####
#.# .#.# #...# ###
♣♣#######.# ##.# #.###
#)..#♣♣ ♣P.#......##
#.# #..##
#...gs♣♣♣♣♣P).........
##.###...#
#...#♣..♣.P.......####
.........# ###
♣♣♣.♣.P.#.....# #
#####....#
♣♣♣♣♣###...## # #...##
#....# # ##.## #####
##.#.### #.# #..>#
#...... #.# ##'#####
###.### #.# #.#...##
#.#


You could see Crazy Yiuf.

Vanquished Creatures
  3 adders (D:2)
  A worm (D:3)
  2 leopard geckos
  2 orcs (D:3)
  3 giant cockroaches
  5 hobgoblins
  6 jackals (D:3)
  2 quokkas (D:2)
  A ball python (D:2)
  6 bats
  4 frilled lizards
  5 goblins
  8 kobolds
  5 rats
  A fungus (D:2)
54 creatures vanquished.

Vanquished Creatures (collateral kills)
  A hobgoblin (D:2)
  A frilled lizard (D:2)
2 creatures vanquished.

Grand Total: 56 creatures vanquished

Notes
Turn   | Place    | Note
-------+----------+-------------------------------------------
     0 | D:1      | gruber the Demigod Transmuter began the quest for the Orb.
     0 | D:1      | Reached XP level 1. HP: 15/15 MP: 5/5
    71 | D:1      | Reached skill level 3 in Unarmed Combat
   393 | D:1      | Reached XP level 2. HP: 9/22 MP: 5/7
   646 | D:1      | Learned a level 2 spell: Sticks to Snakes
  1511 | D:2      | Reached XP level 3. HP: 27/27 MP: 6/8
  1575 | D:2      | Reached skill level 4 in Unarmed Combat
  1682 | D:2      | You fall into a shaft and drop 1 floor!
  1726 | D:3      | Reached skill level 1 in Fighting
  2743 | D:2      | Reached XP level 4. HP: 13/36 MP: 0/9
  3428 | D:2      | Learned a level 3 spell: Spider Form
  3532 | D:2      | Found a runed translucent door.
  3533 | D:2      | Noticed Crazy Yiuf
  3542 | D:2      | Mangled by Crazy Yiuf

Levels and vault maps discovered:
D:1:      dpeg_arrival_short_road, layout_loops_cross,
          hangedman_decor_clover_reticule
D:2:      layout_loops_corners, minmay_vboxes, uniq_crazy_yiuf_cottage
D:3:      layout_basic, first_ration
D:4:      layout_loops_ring, uniq_menkaure, uniq_blork_the_orc

Skill      XL: |  1  2  3 |
---------------+----------+-----
Unarmed Combat | 3 4 |  4.0
Fighting       | 2 |  2.0
Transmutations | 2 |  2.3
Dodging        | |  1.7
Spellcasting   | |  1.7

Action                   |  1- 3 |  4- 6 || total
-------------------------+-------+-------++-------
Melee: Unarmed           |   156 |    25 ||   181
       Headbutt          |    14 |       ||    14
       Kick              |    13 |     1 ||    14
 Cast: Beastly Appendage |    29 |     3 ||    32
       Sticks to Snakes  |     6 |     1 ||     7
       Spider Form       |       |     1 ||     1
 Stab: Sleeping          |     2 |       ||     2
  Eat: Chunk             |     6 |     2 ||     8
Armor: Robe              |    29 |     1 ||    30
Dodge: Dodged            |    87 |     8 ||    95

Table legend:
 A = Non-vault XP
 B = Vault XP
 C = Vault XP percentage of total XP
 D = Non-vault monster count
 E = Vault monster count
 F = Vault count percentage of total count
                 A         B        C        D         E       F
            +---------+---------+-------+---------+---------+-------
      Total |     100 |      27 |  21.3 |      50 |       5 |   9.1
            +---------+---------+-------+---------+---------+-------
        D:1 |      22 |       0 |   0.0 |      16 |       0 |   0.0
        D:2 |      40 |      27 |  40.3 |      16 |       5 |  23.8
        D:3 |      38 |       0 |   0.0 |      18 |       0 |   0.0
            +---------+---------+-------+---------+---------+-------
